 Dungeon Crawl Stone Soup version 0.28.0-1-gb440e238dd (webtiles) character file.

Game seed: 8630327692131195980

50 Aksej the Skirmisher (level 3, -1/33 HPs)
             Began as a Hill Orc Monk on Feb 22, 2022.
             Succumbed to an adder's poison
             ... on level 2 of the Dungeon.
             The game lasted 00:03:01 (1851 turns).

Aksej the Skirmisher (Hill Orc Monk)                Turns: 1851, Time: 00:03:02

Health: -1/33      AC:  2    Str: 11    XL:     3   Next: 79%
Magic:  3/3        EV: 12    Int: 12    God:
Gold:   32         SH:  0    Dex: 13    Spells: 2/2 levels left

rFire   . . .      SeeInvis .   a - +0 spear
rCold   . . .      Faith    .   (no shield)
rNeg    . . .      Spirit   .   b - +0 robe
rPois   .          Reflect  .   (no helmet)
rElec   .          Harm     .   (no cloak)
rCorr   .          Rampage  .   (no gloves)
Will    .....                   (no boots)
Stlth   ++........              (no amulet)
HPRegen 0.11/turn               (no ring)
MPRegen 0.08/turn               (no ring)

@: lethally poisoned (-1 -> -7), attractive, flying
A: weak 1
a: no special abilities


You were on level 2 of the Dungeon.
You visited 1 branch of the dungeon, and saw 2 of its levels.

You collected 32 gold pieces.

Inventory:

Hand Weapons
 a - a +0 spear (weapon)
Armour
 b - a +0 robe (worn)
Wands
 d - a wand of charming (8)
Scrolls
 f - a scroll of identify
Potions
 c - a potion of flight
 e - a potion of magic


   Skills:
 + Level 4.1 Fighting
 + Level 4.1 Polearms
 + Level 2.7 Dodging
 + Level 2.0 Stealth


You had 2 spell levels left.
You didn't know any spells.
Your spell library was empty.

Dungeon Overview and Level Annotations

Branches:
Dungeon (2/15)

Altars:

Shops:
D:2 :


Innate Abilities, Weirdness & Mutations

You are weak. (Str -2)


Message History

You feel sick. The adder bites you.
You are more poisoned.
The adder poisons you!
You closely miss the adder.
The adder is heavily wounded.
You feel sick. The adder closely misses you.
You hit the adder.
The adder is severely wounded.
You feel sick. The adder bites you.
You are more poisoned.
The adder poisons you!
You hit the adder but do no damage.
The adder is severely wounded.
You feel sick. The adder completely misses you. The adder bites you.
You are too injured to fight recklessly!
You are too injured to fight recklessly!
You hit the adder but do no damage.
The adder is severely wounded.
You feel sick. The adder bites you.
* * * LOW HITPOINT WARNING * * *
You are lethally poisoned!
The adder poisons you!
You miss the adder.
The adder is severely wounded.
* * * LOW HITPOINT WARNING * * *
You feel very sick. The adder closely misses you.
You closely miss the adder.
The adder is severely wounded.
* * * LOW HITPOINT WARNING * * *
You feel sick. The adder barely misses you.
It was a potion of flight.
You feel very buoyant.
You fly up into the air.
* * * LOW HITPOINT WARNING * * *
You feel sick. The adder bites you.
* * * LOW HITPOINT WARNING * * *
It was a potion of attraction.
You feel attractive to monsters.
You die...

########### #.........#
######.........# #####
#...##..[......# #...###
#...##..S....... +......
#...##.)@......# ##......
#...###.##########.......
#...>....................
#.......##########.#.....
#.......##########.#.....
#........................
#........####............
#...........#.......#####
#........................


You could see an adder.

Vanquished Creatures
  An adder (D:2)
  A worm (D:2)
  A dart slug (D:1)
  3 endoplasms
  2 giant cockroaches
  4 hobgoblins
  3 quokkas
  4 ball pythons
  2 bats
  5 frilled lizards
  5 goblins
  3 kobolds
  A rat (D:2)
35 creatures vanquished.

Notes
Turn   | Place    | Note
-------+----------+-------------------------------------------
     0 | D:1      | Aksej the Hill Orc Monk began the quest for the Orb.
     0 | D:1      | Reached XP level 1. HP: 19/19 MP: 1/1
   281 | D:1      | Reached XP level 2. HP: 21/27 MP: 2/2
   614 | D:1      | Found a faded altar of an unknown god.
   967 | D:2      | Reached XP level 3. HP: 30/33 MP: 3/3
  1055 | D:2      | Gained mutation: You are weak. (Str -2) [potion of
                  | mutation]
  1059 | D:2      | HP: 1/33 [worm (5)]
  1720 | D:2      | Found Hoelau Doot's Book Shoppe.
  1850 | D:2      | HP: 1/33 [adder (1)]
  1851 | D:2      | Succumbed to an adder's poison

Illustrated notes

Levels and vault maps discovered:
D:1:      minmay_arrival_up_and_down, layout_basic,
          shapermc_ecumenical_altar_petra
D:2:      layout_basic, serial_shops, nicolae_shop_behind_doors

Skill      XL: |  1  2  3 |
---------------+----------+-----
Fighting       | 4 |  4.1
Polearms       | 4 |  4.1
Stealth        | 2 |  2.0
Dodging        | |  2.7

Action                   || total
-------------------------++-------
Melee: Spear             ||   153
       Punch             ||     2
  Use: Potion            ||     4
       Scroll            ||     2
 Stab: Sleeping          ||     8
Armor: Robe              ||    13
Dodge: Dodged            ||    82
